 Dungeon Crawl Stone Soup version 0.27.0-1-g7a089689b8 (webtiles) character file.

Game seed: 7591412437913996583

231 willcat the Covert (level 6, 0/53 HPs)
             Began as a Gnoll Delver on Aug 13, 2021.
             Succumbed to a scorpion's poison
             ... on level 6 of the Dungeon.
             The game lasted 00:01:39 (634 turns).

willcat the Covert (Gnoll Delver)                    Turns: 634, Time: 00:01:39

Health: 0/53       AC:  6    Str: 12    XL:     6   Next: 3%
Magic:  8/8        EV: 12    Int: 10    God:
Gold:   20         SH:  0    Dex: 14    Spells: 8/8 levels left

rFire    . . .     SeeInvis .   a - +0 spear
rCold    . . .     Faith    .   (no shield)
rNeg     . . .     Spirit   .   j - +0 ring mail
rPois    .         Reflect  .   (no helmet)
rElec    .         Harm     .   (no cloak)
rCorr    .         Rampage  .   (no gloves)
Will     .....                  h - +0 pair of boots
Stlth    ++++......             (no amulet)
HPRegen  0.17/turn              (no ring)
MPRegen  0.11/turn              (no ring)

@: lethally poisoned (0 -> -7), flying
A: fangs 1, strong nose, distributed training
a: no special abilities


You were on level 6 of the Dungeon.
You visited 1 branch of the dungeon, and saw 2 of its levels.

You collected 20 gold pieces.

Inventory:

Hand Weapons
 a - a +0 spear (weapon)
Missiles
 i - 9 poisoned darts (quivered)
Armour
 b - a +0 leather armour
 h - a +0 pair of boots (worn)
 j - a +0 ring mail (worn)
Wands
 g - a wand of digging (3)
Scrolls
 c - a scroll of fog
 d - a scroll of magic mapping
 e - a scroll of fear


   Skills:
 + Level 6.7 Fighting
 + Level 1.7 Short Blades
 + Level 1.7 Long Blades
 + Level 1.7 Axes
 + Level 1.7 Maces & Flails
 + Level 4.9 Polearms
 + Level 1.7 Staves
 + Level 1.7 Slings
 + Level 1.7 Bows
 + Level 1.7 Crossbows
 + Level 1.7 Throwing
 + Level 1.7 Armour
 + Level 4.9 Dodging
 + Level 9.7 Stealth
 + Level 1.7 Shields
 + Level 1.7 Unarmed Combat
 + Level 1.7 Spellcasting
 + Level 1.3 Conjurations
 + Level 1.3 Hexes
 + Level 1.3 Summonings
 + Level 1.3 Necromancy
 + Level 1.3 Translocations
 + Level 1.3 Transmutations
 + Level 1.3 Fire Magic
 + Level 1.3 Ice Magic
 + Level 1.3 Air Magic
 + Level 1.3 Earth Magic
 + Level 1.3 Poison Magic
 + Level 2.0 Invocations
 + Level 1.7 Evocations


You had 8 spell levels left.
You didn't know any spells.
Your spell library was empty.

Dungeon Overview and Level Annotations

Branches:
Dungeon (6/15)
 Temple: D:4-7

Altars:


Innate Abilities, Weirdness & Mutations

You have very sharp teeth.
Your uncanny sense of smell can sniff out nearby items.
Your experience applies equally to all skills.


Message History

You feel very sick. The scorpion barely misses you.
Unknown command.
You closely miss the scorpion.
The scorpion is severely wounded.
You feel very sick. The scorpion closely misses you.
Unknown command.
You hit the scorpion but do no damage.
The scorpion is almost dead.
You feel sick. The scorpion stings you.
You are lethally poisoned!
The scorpion poisons you!
Unknown command.
You hit the scorpion but do no damage.
The scorpion is almost dead.
* * * LOW HITPOINT WARNING * * *
You feel very sick.
You kill the scorpion!
Your Invocations skill increases to level 2!
You have reached level 6!
Your experience leads to an increase in your attributes!
Increase (S)trength, (I)ntelligence, or (D)exterity?
You feel clever.
Unknown command.
It was a potion of flight.
You feel very buoyant.
You fly up into the air.
* * * LOW HITPOINT WARNING * * *
You feel very sick.
Unknown command.
* * * LOW HITPOINT WARNING * * *
You feel very sick.
You see here 2 poisoned darts.
Unknown command.
* * * LOW HITPOINT WARNING * * *
You feel sick.
* * * LOW HITPOINT WARNING * * *
You feel sick.
You die...

#. #.#
###.###
#.....#
###.#.#.###
........@<#
##.#.#.#(#
#.###.$...#.#
........###.#
..####..# #.#
#.(# #.# ...#
#.# ##(## #.#
#. #.#


There were no monsters in sight!

Vanquished Creatures
  An ogre (D:5)
  A scorpion (D:6)
  2 hounds (D:5)
  A scorpion zombie (D:5)
5 creatures vanquished.

Notes
Turn   | Place    | Note
-------+----------+-------------------------------------------
     0 | D:5      | Reached skill level 9 in Stealth
     0 | D:5      | willcat the Gnoll Delver began the quest for the Orb.
     0 | D:5      | Reached XP level 1. HP: 23/23 MP: 1/1
    61 | D:6      | Noticed a hound
    67 | D:6      | Noticed a scorpion
    93 | D:5      | Noticed an ogre
   111 | D:5      | Killed a hound
   112 | D:5      | Reached XP level 2. HP: 3/29 MP: 2/2
   112 | D:5      | Reached XP level 3. HP: 4/35 MP: 3/3
   425 | D:5      | Killed an ogre
   426 | D:5      | Reached skill level 1 in Short Blades
   426 | D:5      | Reached skill level 1 in Long Blades
   426 | D:5      | Reached skill level 1 in Axes
   426 | D:5      | Reached skill level 1 in Maces & Flails
   426 | D:5      | Reached skill level 1 in Staves
   426 | D:5      | Reached skill level 1 in Slings
   426 | D:5      | Reached skill level 1 in Bows
   426 | D:5      | Reached skill level 1 in Crossbows
   426 | D:5      | Reached skill level 1 in Throwing
   426 | D:5      | Reached skill level 1 in Armour
   426 | D:5      | Reached skill level 1 in Shields
   426 | D:5      | Reached skill level 1 in Unarmed Combat
   426 | D:5      | Reached skill level 1 in Spellcasting
   426 | D:5      | Reached skill level 1 in Conjurations
   426 | D:5      | Reached skill level 1 in Hexes
   426 | D:5      | Reached skill level 1 in Summonings
   426 | D:5      | Reached skill level 1 in Necromancy
   426 | D:5      | Reached skill level 1 in Translocations
   426 | D:5      | Reached skill level 1 in Transmutations
   426 | D:5      | Reached skill level 1 in Fire Magic
   426 | D:5      | Reached skill level 1 in Ice Magic
   426 | D:5      | Reached skill level 1 in Air Magic
   426 | D:5      | Reached skill level 1 in Earth Magic
   426 | D:5      | Reached skill level 1 in Poison Magic
   426 | D:5      | Reached skill level 1 in Invocations
   426 | D:5      | Reached skill level 1 in Evocations
   426 | D:5      | Reached XP level 4. HP: 41/41 MP: 3/5
   426 | D:5      | Reached XP level 5. HP: 47/47 MP: 3/6
   630 | D:6      | Reached XP level 6. HP: 13/53 MP: 8/8
   633 | D:6      | HP: 1/53 [poisoned by a scorpion]
   634 | D:6      | Succumbed to a scorpion's poison

Illustrated notes

Levels and vault maps discovered:
D:5:      minmay_polygon_palace, layout_basic, hangedman_decor_clover_reticule,
          minmay_pentangle
D:6:      layout_loops_ring, mainiacjoe_overflow_alcove_1,
          minmay_temple_entry_arrows, serial_rivers,
          chequers_serial_rivers_room_b, chequers_serial_rivers_small_b,
          chequers_serial_rivers_micro_a, chequers_serial_rivers_large_b,
          chequers_serial_rivers_micro_b, chequers_serial_rivers_micro_a

Skill      XL: |  1  2  3  4  5 |
---------------+----------------+-----
Stealth        | |  9.7
Short Blades   | 1 |  1.7
Long Blades    | 1 |  1.7
Axes           | 1 |  1.7
Maces & Flails | 1 |  1.7
Staves         | 1 |  1.7
Slings         | 1 |  1.7
Bows           | 1 |  1.7
Crossbows      | 1 |  1.7
Throwing       | 1 |  1.7
Armour         | 1 |  1.7
Shields        | 1 |  1.7
Unarmed Combat | 1 |  1.7
Spellcasting   | 1 |  1.7
Conjurations   | 1 |  1.3
Hexes          | 1 |  1.3
Summonings     | 1 |  1.3
Necromancy     | 1 |  1.3
Translocations | 1 |  1.3
Transmutations | 1 |  1.3
Fire Magic     | 1 |  1.3
Ice Magic      | 1 |  1.3
Air Magic      | 1 |  1.3
Earth Magic    | 1 |  1.3
Poison Magic   | 1 |  1.3
Invocations    | 1 2 |  2.0
Evocations     | 1 |  1.7
Fighting       | |  6.7
Polearms       | |  4.9
Dodging        | |  4.9

Action                   |  1- 3 |  4- 6 || total
-------------------------+-------+-------++-------
Melee: Spear             |     8 |    45 ||    53
       Bite              |     1 |    11 ||    12
Throw: Dart              |    18 |     6 ||    24
  Use: Potion            |     1 |     1 ||     2
Armor: Ring mail         |     8 |    15 ||    23
Dodge: Dodged            |     9 |    26 ||    35
